Map: Lightshade LE

Players

SortOf - Winner!

  • Race: Zerg Zerg

Stephano

  • Race: Zerg Zerg

Event: DreamHack SC2 Masters 2021 Winter

VOD

Have the link to the VOD?

Description

Time

  • Played on: Oct. 7, 2021, 1:57 p.m.
  • Length: 10:00

All games in this series

Show
View Real Time Build Order
Export as new Build Order

SortOf Zerg - Winner!

Build Orders: Hatch First 

Get SALT Encoding   

  12  0:00  Drone  
  13  0:13  Overlord  
  13  0:16  Drone  
  14  0:31  Drone x2  
  16  0:47  Hatchery  
  15  0:51  Drone  
  15  0:54  Drone  
  17  0:57  Drone  
  18  1:08  Extractor  
  17  1:12  Spawning Pool  
  17  1:16  Drone  
  17  1:19  Drone  
  18  1:28  Drone  
  19  1:43  Drone  
  20  1:52  Drone  
  21  1:59  Queen x2  
  21  2:00  Overlord  
  25  2:01  Zergling x2  
  26  2:10  Drone  
  26  2:11  Metabolic Boost  
  26  2:12  Drone  
  28  2:22  Drone x2  
  30  2:33  Hatchery  
  30  2:36  Drone  
  30  2:40  Drone  
  31  2:44  Baneling Nest  
  31  2:47  Zergling x2  
  31  2:48  Zergling x2  
  31  2:55  Overlord  
  31  2:57  Drone  
  32  3:05  Drone  
  33  3:10  Overlord  
  33  3:12  Overlord  
  33  3:13  Drone x2  
  33  3:15  Zergling x2  
  33  3:18  Drone  
  37  3:21  Zergling x2  
  37  3:24  Drone x2  
  40  3:29  Queen  
  42  3:36  Drone  
  42  3:37  Evolution Chamber  
  42  3:38  Drone  
  42  3:40  Drone  
  44  3:45  Drone x3  
  46  3:49  Zergling x4  
  46  3:52  Drone  
  46  3:55  Zergling x4  
  50  3:59  Drone x2  
  50  4:02  Baneling  
  52  4:04  Zerg Missile Weapons Level 1  
  52  4:05  Drone  
  53  4:13  Roach Warren  
  52  4:20  Baneling  
  52  4:22  Zergling x2  
  52  4:24  Zergling x2  
  50  4:25  Drone x4  
  50  4:26  Drone  
  50  4:28  Lair  
  50  4:30  Extractor x2  
  50  4:31  Drone x2  
  53  4:33  Drone  
  53  4:36  Drone  
  55  4:39  Drone  
  56  4:47  Drone x2  
  56  4:50  Overlord  
  58  4:54  Overlord  
  58  4:57  Drone x4  
  62  5:00  Overlord  
  62  5:02  Drone  
  62  5:04  Drone x2, Extractor  
  64  5:07  Zergling x4  
  64  5:11  Roach x2  
  64  5:13  Drone  
  64  5:14  Drone  
  72  5:22  Roach x2  
  72  5:24  Spine Crawler, Overlord  
  72  5:26  Baneling  
  72  5:28  Roach x3  
  80  5:29  Spine Crawler  
  80  5:30  Overlord  
  80  5:32  Roach x3  
  80  5:34  Glial Reconstitution  
  85  5:37  Baneling  
  85  5:41  Roach x2  
  91  5:43  Roach x2  
  91  5:47  Roach x2  
  91  5:49  Roach  
  99  5:51  Roach  
  99  5:54  Roach  
  99  5:55  Roach  
  105  5:57  Baneling, Overlord  
  105  6:00  Overlord  
  105  6:01  Overlord  
  105  6:10  Roach  
  105  6:18  Roach x4  
  102  6:20  Roach x4  
  102  6:23  Roach x2  
  104  6:26  Drone x2  
  104  6:30  Roach x2  
  96  6:34  Queen  
  96  6:38  Roach  
  96  6:40  Roach  
  96  6:45  Roach  
  96  6:50  Roach x2  
  100  6:56  Roach  
  97  7:03  Roach x2  
  97  7:05  Roach  
  101  7:09  Zerg Missile Weapons Level 2  
  101  7:10  Queen x2  
  101  7:14  Roach x2  
  109  7:20  Roach  
  109  7:22  Roach x3  
  115  7:26  Ravager  
  115  7:28  Roach x2  
  120  7:32  Roach x2  
  124  7:37  Roach x2  
  124  7:41  Drone x2  
  130  7:53  Overlord  
  130  7:56  Overlord  
  130  7:58  Overlord  
  130  8:00  Overseer  
  130  8:04  Overlord  
  130  8:06  Overlord  
  130  8:13  Overseer  
  130  8:15  Roach x6  
  130  8:18  Ravager  
  130  8:19  Ravager  
  144  8:20  Ravager  
  144  8:22  Overlord  
  144  8:26  Roach x2  
  149  8:31  Roach x2  
  153  8:38  Roach x4  
  161  8:43  Overlord  
  161  8:44  Roach x2  
  161  8:47  Overlord  
  165  8:51  Roach x3  
  165  8:55  Overlord  
  171  8:57  Roach  
  171  9:02  Overlord  
  173  9:04  Overlord  
  173  9:05  Roach x2  
  177  9:11  Roach x2  
  181  9:20  Roach x4  
  189  9:31  Roach x2  
  186  9:37  Roach  
Show
View Real Time Build Order
Export as new Build Order

Stephano Zerg 

Build Orders: Hatch First 

Get SALT Encoding   

  12  0:00  Drone  
  13  0:12  Overlord  
  13  0:17  Drone  
  14  0:30  Drone x2  
  16  0:48  Hatchery  
  15  0:50  Drone  
  15  0:54  Drone  
  17  0:57  Drone  
  18  1:08  Extractor  
  17  1:12  Spawning Pool  
  17  1:15  Drone  
  17  1:18  Drone  
  18  1:27  Drone  
  19  1:38  Drone  
  20  1:49  Drone  
  21  1:59  Queen x2  
  21  2:01  Drone  
  26  2:02  Drone  
  27  2:10  Metabolic Boost  
  27  2:11  Overlord  
  27  2:13  Zergling x2  
  28  2:30  Drone, Hatchery  
  28  2:33  Drone  
  28  2:35  Drone  
  30  2:41  Queen  
  32  2:47  Zergling x2  
  32  2:49  Drone  
  32  2:50  Drone  
  35  2:56  Baneling Nest  
  34  3:02  Drone x2  
  36  3:10  Overlord  
  36  3:12  Extractor  
  35  3:13  Extractor x2, Overlord  
  35  3:14  Zergling x2  
  35  3:15  Zergling x2  
  35  3:17  Zergling x2  
  39  3:34  Zergling x4  
  39  3:35  Drone x2  
  39  3:36  Drone x2  
  39  3:40  Baneling  
  43  3:44  Drone x4  
  47  3:52  Drone  
  47  3:55  Baneling  
  48  3:56  Baneling  
  48  3:57  Drone x4  
  48  3:59  Extractor  
  48  4:00  Extractor  
  50  4:03  Evolution Chamber  
  50  4:06  Drone x3, Roach Warren  
  51  4:13  Drone x2  
  51  4:26  Drone x3  
  51  4:28  Zergling x4  
  51  4:31  Drone x2  
  56  4:33  Overlord  
  56  4:37  Overlord  
  56  4:39  Overlord x2  
  56  4:42  Overlord  
  56  4:46  Baneling x2  
  56  4:54  Zerg Ground Armor Level 1  
  56  4:58  Roach x6  
  68  5:03  Roach x3  
  74  5:08  Roach  
  76  5:14  Overlord  
  76  5:18  Overlord  
  76  5:23  Roach  
  76  5:24  Roach x4  
  86  5:29  Zergling x10  
  86  5:30  Zergling x2  
  92  5:36  Baneling  
  92  5:37  Baneling x4  
  92  5:38  Zergling x8  
  92  5:42  Zergling x4  
  98  5:43  Zergling x2  
  98  5:48  Zergling x6  
  102  5:55  Zergling x2  
  103  5:59  Zergling x4  
  103  6:00  Baneling x6  
  103  6:01  Baneling  
  103  6:03  Baneling  
  103  6:15  Zergling x18  
  106  6:23  Zergling x6  
  92  6:33  Roach  
  92  6:34  Roach x7  
  99  6:42  Roach  
  99  6:43  Roach x2  
  101  6:50  Roach  
  103  6:57  Roach x5  
  107  7:03  Roach x3  
  107  7:06  Zergling x10  
  109  7:16  Roach  
  111  7:23  Overlord  
  111  7:24  Overlord  
  111  7:30  Lair  
  111  7:31  Overlord  
  111  7:33  Extractor  
  108  7:44  Drone x3  
  108  7:45  Roach x3  
  108  7:46  Roach x6  
  127  7:58  Zerg Missile Weapons Level 1  
  127  7:59  Drone x8  
  127  8:05  Extractor  
  134  8:06  Extractor  
  134  8:07  Drone x3  
  136  8:18  Overlord  
  136  8:24  Overlord x2  
  136  8:26  Overlord  
  136  8:27  Ravager  
  136  8:28  Ravager  
  136  8:31  Ravager  
  136  8:33  Glial Reconstitution, Overlord  
  138  8:42  Overlord  
  138  8:43  Roach x8  
  154  8:49  Overlord x2  
  154  8:50  Pneumatized Carapace  
  154  8:58  Overlord  
  154  9:01  Roach x4  
  162  9:03  Baneling  
  162  9:04  Baneling x4  
  162  9:09  Roach x3  
  168  9:16  Overlord  
  168  9:18  Roach x3  
  172  9:24  Overlord  
  172  9:25  Ravager x2  
  155  9:39  Roach x7  

Tags
 
Add a new tag
Caveats
  • Supply blocks, unpowered buildings, or Contaminate may cause inaccurate times.
  • Supply counts are checked every 10 seconds.